 Dungeon Crawl Stone Soup version 0.25-a0-1133-g93ebf739aa (webtiles) character file.

Game seed: 18279243568285664370, levelgen mode: deterministic

318 vurker the Ducker (level 6, -2/46 HPs)
             Began as a Human Artificer on May 20, 2020.
             Was an Initiate of the Shining One.
             Slain by a phantom (3 damage)
             ... on level 4 of the Dungeon.
             The game lasted 00:04:17 (3578 turns).

vurker the Ducker (Human Artificer)                 Turns: 3578, Time: 00:04:17

Health: -2/46      AC:  8    Str: 15    XL:     6   Next: 74%
Magic:  9/9        EV:  8    Int: 11    God:    the Shining One [......]
Gold:   157        SH:  0    Dex: 13    Spells: 5/5 levels left

rFire    . . .     SeeInvis .   g - +1 short sword (venom)
rCold    . . .     Gourm    .   (no shield)
rNeg     . . .     Faith    .   m - +0 chain mail
rPois    .         Spirit   .   (no helmet)
rElec    .         Reflect  .   (no cloak)
rCorr    .         Harm     .   (no gloves)
MR       .....                  (no boots)
Stlth    ..........             (no amulet)
HPRegen  0.15/turn              (no ring)
MPRegen  0.11/turn              (no ring)

@: glowing
A: no striking features
a: Renounce Religion


You were on level 4 of the Dungeon.
You worshipped the Shining One.
The Shining One was noncommittal.
You were near starving.

You visited 2 branches of the dungeon, and saw 5 of its levels.

You collected 157 gold pieces.

Inventory:

Hand Weapons
 g - a +1 short sword of venom (weapon)
   (You took it off a kobold on level 1 of the Dungeon)
 u - a +1 vorpal mace
   (You took it off an orc on level 3 of the Dungeon)
Armour
 m - a +0 chain mail (worn)
   (You found it on level 2 of the Dungeon)
Jewellery
 r - an uncursed ring of ice
   (You found it on level 3 of the Dungeon)
Wands
 d - a wand of enslavement (15)
 f - a wand of random effects (15)
 t - a wand of flame (14)
Scrolls
 b - 3 scrolls of remove curse {unknown}
 c - 2 scrolls of teleportation {unknown}
 k - 5 scrolls of enchant armour {unknown}
 l - 4 scrolls of identify {unknown}
 n - 2 scrolls of enchant weapon {unknown}
 o - a scroll of magic mapping {unknown}
 p - a scroll of fear {unknown}
Potions
 a - 4 potions of curing {unknown}
 h - a potion of flight {unknown}
 i - 2 potions of lignification {unknown}
 j - 3 potions of degeneration {unknown}
 s - 2 potions of haste {unknown}
Comestibles
 e - 4 rations


   Skills:
 + Level 2.9 Fighting
 - Level 1.0 Short Blades
 + Level 2.5 Armour
 * Level 4.3 Dodging
 - Level 1.0 Stealth
 + Level 0.1 Invocations
 + Level 4.0 Evocations


You had 5 spell levels left.
You didn't know any spells.
Your spell library was empty.

Dungeon Overview and Level Annotations

Branches:
Dungeon (4/15)             Temple (1/1) D:4

Altars:
Ashenzari
Hepliaklqana
Makhleb
Nemelex Xobeh
Qazlal
Sif Muna
Vehumet
Wu Jian
Yredelemnul
The Shining One


Message History

Pain shoots through your body!
* * * LOW HITPOINT WARNING * * *
Natasha stares at you and mumbles some strange words.
You resist with some effort.
The phantom blinks!
Natasha casts a spell at you. The magic dart hits you.
* * * LOW HITPOINT WARNING * * *
Natasha casts a spell.
Natasha casts a spell.
The shadow imp disappears in a puff of smoke!
The white imp gestures at you. The puff of frost hits you.
* * * LOW HITPOINT WARNING * * *
The phantom blinks!
Found a scroll labeled HUHIUD IKHLASU.
The white imp gestures at you. The puff of frost misses you.
The phantom blinks!
The white imp gestures at you. The puff of frost hits you.
* * * LOW HITPOINT WARNING * * *
The white imp disappears in a puff of smoke!
Natasha stares at you and mumbles some strange words.
The magic dart hits you.
* * * LOW HITPOINT WARNING * * *
Aim: Natasha (heavily wounded)
The puff of flame misses Natasha.
Natasha claws you but does no damage.
You closely miss Natasha. Natasha claws you.
* * * LOW HITPOINT WARNING * * *
You hit Natasha.
Natasha is poisoned.
Natasha closely misses you.
You barely miss Natasha.
Natasha casts a spell.
You closely miss Natasha. Natasha claws you but does no damage.
The white imp gestures at you. The puff of frost hits you!
* * * LOW HITPOINT WARNING * * *
You barely miss Natasha.
You kill Natasha!
The Shining One accepts your kill.
Natasha growls in agony!
The white imp disappears in a puff of smoke!
You hit the phantom.
You are near starving!
The phantom hits you.
* * * LOW HITPOINT WARNING * * *
The phantom blinks!
The phantom blinks!
You barely miss the phantom. The phantom hits you.
You die...

#.##########..#
#.....h.......#
#†##########.## #. #.#
#.# #.# #.# ##5##
...##.## ###..h# .
#.#...## #.....#..
#......## #.#...#.#
#.#.@...####.##.##.##
...##W##...#.........#
### #.##.#............
#.##.###..⌠...⌠..#
#.##.###.........#
##)##.#......>....[
##.......#.........#
#......#.#..⌠...⌠..#
######......>............


You could see a phantom.

Vanquished Creatures
  An ogre (D:4)
  2 hounds
  A centaur skeleton (D:4)
  Jessica (D:2)
  Natasha (D:4)
  2 adders
  An ooze (D:1)
  A worm (D:2)
  2 dart slugs (D:1)
  2 leopard geckos
  4 orcs (D:3)
  2 ball pythons
  6 bats
  A giant cockroach (D:3)
  7 goblins
  5 hobgoblins
  8 jackals
  7 kobolds
  2 quokkas
  A frilled lizard (D:1)
  9 rats
66 creatures vanquished.

Notes
Turn   | Place    | Note
-------+----------+-------------------------------------------
     0 | D:1      | vurker the Human Artificer began the quest for the Orb.
     0 | D:1      | Reached XP level 1. HP: 15/15 MP: 3/3
    62 | D:1      | Reached XP level 2. HP: 21/21 MP: 4/4
   750 | D:1      | Reached XP level 3. HP: 26/26 MP: 5/5
  1106 | D:2      | Reached skill level 1 in Armour
  1334 | D:2      | Noticed Jessica
  1342 | D:2      | Killed Jessica
  1342 | D:2      | Reached XP level 4. HP: 31/33 MP: 6/6
  1948 | D:3      | Reached XP level 5. HP: 27/38 MP: 7/7
  3195 | D:4      | Noticed an ogre
  3202 | D:4      | Killed an ogre
  3202 | D:4      | Reached XP level 6. HP: 24/46 MP: 8/8
  3427 | D:4      | Found a staircase to the Ecumenical Temple.
  3430 | D:4      | Noticed a phantom
  3431 | D:4      | Noticed Natasha
  3437 | Temple   | Entered the Ecumenical Temple
  3485 | Temple   | Became a worshipper of the Shining One
  3570 | D:4      | HP: 1/46 [white imp/puff of frost[Natasha] (7)]
  3571 | D:4      | Killed Natasha
  3578 | D:4      | Slain by a phantom

Illustrated notes

Levels and vault maps discovered:
D:1:      dpeg_chamrin_arrival_tetris, layout_basic
D:2:      layout_basic, uniq_jessica
D:3:      layout_basic, first_ration, corner_web_ring, grunt_ministairs_2,
          corexii_leaking_fountain
D:4:      layout_loops_ring, minmay_temple_entry_large_hall,
          kennysheep_generic_room_10, uniq_natasha
Temple:   jpeg_temple_alley_garden

Skill      XL: |  1  2  3  4  5  6 |
---------------+-------------------+-----
Armour         | 1 2 |  2.5
Dodging        | 3 4 |  4.3
Fighting       | 2 |  2.9
Evocations     | 4 |  4.0
Short Blades   | |  1.0
Stealth        | |  1.0
Invocations    | |  0.1

Action                   |  1- 3 |  4- 6 || total
-------------------------+-------+-------++-------
Melee: Short sword       |    84 |   160 ||   244
Evoke: Wand              |       |     1 ||     1
  Eat: Chunk             |     1 |     6 ||     7
Armor: Leather armour    |    21 |       ||    21
       Chain mail        |     2 |   104 ||   106
Dodge: Dodged            |    59 |    73 ||   132

Table legend:
 A = Non-vault XP
 B = Vault XP
 C = Vault XP percentage of total XP
 D = Non-vault monster count
 E = Vault monster count
 F = Vault count percentage of total count
                 A         B        C        D         E       F
            +---------+---------+-------+---------+---------+-------
      Total |     375 |      80 |  17.6 |      60 |       6 |   9.1
            +---------+---------+-------+---------+---------+-------
        D:1 |      36 |       0 |   0.0 |      18 |       0 |   0.0
        D:2 |      50 |      37 |  42.5 |      20 |       1 |   4.8
        D:3 |      88 |      10 |  10.2 |      19 |       4 |  17.4
        D:4 |     161 |      33 |  17.0 |       2 |       1 |  33.3
     Temple |      40 |       0 |   0.0 |       1 |       0 |   0.0
            +---------+---------+-------+---------+---------+-------
